[Event "Team 45 45 League T58"]
[Site "Internet Chess Club"]
[Date "2013.09.22"]
[Round "5"]
[White "poni"]
[Black "cysk"]
[Result "1-0"]
[WhiteElo "1886"]
[BlackElo "1784"]
[Opening "Réti opening"]
[ECO "A05"]
[Time "13:02:26"]
[TimeControl "2700+45"]

1. Nf3 Nf6 2. g3 d5 3. Bg2 e6 4. O-O Be7 5. d3 c5 6. Nbd2 Nc6 7. e4 O-O 8. e5
Ng4 9. Re1 Qc7 10. Qe2 f6 11. exf6 Bxf6 12. h3 Nge5 13. Nxe5 Qxe5 14. Nf3 Qxe2
15. Rxe2 b5 16. c3 Bd7 17. Bg5 h6 18. Bxf6 Rxf6 19. Ne5 Nxe5 20. Rxe5 Raf8 21.
f4 Rxf4 {Black resigns} 1-0

[Event "Team 45 45 League T58"]
[Site "Internet Chess Club"]
[Date "2013.09.19"]
[Round "5"]
[White "nurmi"]
[Black "arhrid"]
[Result "1-0"]
[WhiteElo "2070"]
[BlackElo "1713"]
[Opening "Ruy Lopez: closed, Chigorin, 12...c5d4"]
[ECO "C99"]
[Time "19:50:32"]
[TimeControl "2700+45"]

1. e4 e5 2. Nf3 Nc6 3. Bb5 a6 4. Ba4 Nf6 5. O-O Be7 6. Re1 b5 7. Bb3 d6 8. c3
O-O 9. h3 Na5 10. Bc2 c5 11. d4 Qc7 12. Nbd2 cxd4 13. cxd4 Rd8 14. Nf1 d5 15.
Nxe5 dxe4 16. Bxe4 Nxe4 17. Rxe4 Bb7 18. Re1 Bf6 19. Bf4 Nc6 20. Rc1 Qb6 21. Qb3
Nxd4 22. Qxf7+ Kh8 23. Nd7 Rxd7 24. Re8+ Rxe8 25. Qxe8# {Black checkmated} 1-0

[Event "Team 45 45 League T58"]
[Site "Internet Chess Club"]
[Date "2013.09.19"]
[Round "5"]
[White "xwang1"]
[Black "Froggy"]
[Result "1-0"]
[WhiteElo "2111"]
[BlackElo "2162"]
[Opening "Robatsch defense"]
[ECO "B06"]
[Time "22:01:55"]
[TimeControl "2700+45"]

1. e4 g6 2. d4 Bg7 3. Nc3 c6 4. f3 d5 5. Be3 Qb6 6. Qd2 Qxb2 7. Rb1 Qa3 8. exd5
Nf6 9. dxc6 bxc6 10. Bc4 Nbd7 11. Rb3 Qa5 12. Nb1 Qxd2+ 13. Nxd2 Nd5 14. Bf2 O-O
15. Ne2 e5 16. O-O N5b6 17. Bd3 exd4 18. Bxd4 Ne5 19. Ne4 Be6 20. Ra3 Rfd8 21.
Ng5 Bc4 22. Bxe5 Bxe5 23. Bxc4 Nxc4 24. Rd3 h6 25. Ne4 f5 26. Nc5 Kf7 27. Rfd1
Rxd3 28. Rxd3 Re8 29. Rd7+ Re7 30. Rxe7+ Kxe7 31. f4 Bf6 32. Kf2 Na3 33. c3 Nb5
34. Na4 Kd6 35. Ke3 Kd5 36. Kd3 Nd6 37. Nb2 Ne4 38. c4+ Kc5 39. Nd1 a5 40. g4
Nd6 41. gxf5 Nxf5 42. Nf2 Nd6 43. Ng4 Bg7 44. Ne3 h5 45. h3 {Black forfeits on
time} 1-0

[Event "Team 45 45 League T58"]
[Site "Internet Chess Club"]
[Date "2013.09.22"]
[Round "5"]
[White "Goli"]
[Black "Greedy-Reedy"]
[Result "0-1"]
[WhiteElo "1795"]
[BlackElo "1986"]
[Opening "Scandinavian: Pytel-Wade variation"]
[ECO "B01"]
[Time "11:02:22"]
[TimeControl "2700+45"]

1. e4 d5 2. exd5 Qxd5 3. Nc3 Qd6 4. d4 Nf6 5. Nf3 a6 6. Be2 Nc6 7. h3 Bf5 8. Be3
e6 9. Qd2 Be7 10. O-O-O h6 11. g4 Ne4 12. Nxe4 Bxe4 13. Bf4 Qd7 14. Qe3 Bh7 15.
Ne5 Nxe5 16. dxe5 Qa4 17. Bd3 Bxd3 18. cxd3 Qxa2 19. Qe4 O-O-O 20. Be3 Rd5 21.
Kc2 Rb5 22. Qd4 Qb3+ 23. Kb1 Rd8 {White resigns} 0-1

[Event "Team 45 45 League T58"]
[Site "Internet Chess Club"]
[Date "2013.09.22"]
[Round "5"]
[White "DeepGreen"]
[Black "Inquisiteur"]
[Result "1-0"]
[WhiteElo "1918"]
[BlackElo "1626"]
[Opening "Alekhine's defense: Scandinavian variation"]
[ECO "B02"]
[Time "17:01:33"]
[TimeControl "2700+45"]

1. e4 Nf6 2. Nc3 d5 3. exd5 Nxd5 4. Bc4 c6 5. Ne4 Bf5 6. Ng3 Bg6 7. d4 e6 8. c3
Bd6 9. Nf3 Nd7 10. O-O Qc7 11. Bd3 O-O-O 12. a4 Nf4 13. Bxf4 Bxf4 14. a5 a6 15.
Re1 Rhe8 16. Qc2 Bxd3 17. Qxd3 f5 18. Qc4 Qd6 19. Re2 Nf6 20. Ne5 Re7 21. Nd3 h5
22. Nxf4 Qxf4 23. Rxe6 Red7 24. Qd3 Rd5 25. b4 Ng4 26. f3 Nxh2 27. Ne2 Qh4 28.
g3 Qh3 29. Rg6 {Black resigns} 1-0

[Event "Team 45 45 League T58"]
[Site "Internet Chess Club"]
[Date "2013.09.24"]
[Round "5"]
[White "FourKnights"]
[Black "laurenpar"]
[Result "1/2-1/2"]
[WhiteElo "1808"]
[BlackElo "1949"]
[Opening "Dutch defense"]
[ECO "A40"]
[Time "09:48:05"]
[TimeControl "2700+45"]

1. d4 e6 2. c4 f5 3. Nf3 Nf6 4. g3 d5 5. cxd5 exd5 6. Bg2 Bd6 7. O-O O-O 8. Nc3
c6 9. Bg5 Qe8 10. Qc1 Ne4 11. Be3 Nd7 12. Re1 Ndf6 13. Bf4 Bd7 14. Bxd6 Nxd6 15.
Ne5 Qh5 16. Bf3 Qe8 17. Bg2 Rd8 18. Qc2 Bc8 19. a4 Nfe4 20. Rab1 f4 21. f3 Nxc3
22. Qxc3 Nf5 23. Kf2 Qh5 24. Rh1 Ne3 25. Rbg1 Nxg2 26. Kxg2 Rd6 27. g4 Qh4 28.
Qe1 Qxe1 29. Rxe1 b6 30. b4 Bb7 31. Rc1 Re6 32. Kf2 Rc8 33. Rhe1 c5 34. bxc5
bxc5 35. Nd3 c4 36. Nxf4 Ra6 37. Ra1 Kf7 38. a5 {Game drawn by mutual agreement}
1/2-1/2

[Event "Team 45 45 League T58"]
[Site "Internet Chess Club"]
[Date "2013.09.20"]
[Round "5"]
[White "Goldenberg"]
[Black "mugurelt"]
[Result "1-0"]
[WhiteElo "1964"]
[BlackElo "1808"]
[Opening "Sicilian: Alapin's variation (2.c3)"]
[ECO "B22"]
[Time "23:40:49"]
[TimeControl "2700+45"]

1. e4 c5 2. c3 d5 3. exd5 Qxd5 4. d4 cxd4 5. cxd4 Nc6 6. Nf3 e6 7. Nc3 Bb4 8. a3
Bxc3+ 9. bxc3 Nge7 10. Bd3 O-O 11. O-O Ng6 12. Re1 Qh5 13. Be3 b6 14. Ng5 Qxd1
15. Raxd1 Bb7 16. c4 Nce7 17. f4 h6 18. Nh3 Nh4 19. d5 exd5 20. Bf2 Nef5 21.
cxd5 Rad8 22. Re5 Bc8 23. Kf1 f6 24. Ree1 Ng6 25. g4 Nfh4 26. f5 Nf3 27. fxg6
Nxe1 28. Rxe1 Rfe8 29. Rxe8+ Rxe8 30. Bf5 Bxf5 31. gxf5 Re5 32. Nf4 Rxf5 33. d6
Kf8 34. Ne6+ Kg8 {Black resigns} 1-0

[Event "Team 45 45 League T58"]
[Site "Internet Chess Club"]
[Date "2013.09.22"]
[Round "5"]
[White "noblitz-oblige"]
[Black "ausya"]
[Result "1-0"]
[WhiteElo "1595"]
[BlackElo "1762"]
[Opening "Sicilian: accelerated fianchetto, modern variation"]
[ECO "B34"]
[Time "09:01:08"]
[TimeControl "2700+45"]

1. e4 c5 2. Nf3 g6 3. d4 cxd4 4. Nxd4 Nc6 5. Nc3 Nf6 6. Bc4 Bg7 7. O-O O-O 8.
Be3 d6 9. Qd2 Ng4 10. Nxc6 bxc6 11. Bf4 Ne5 12. Bb3 Be6 13. Bh6 Nc4 14. Bxc4
Bxc4 15. Bxg7 Kxg7 16. Qd4+ Kg8 17. Qxc4 Qb6 18. Qb3 Qc7 19. Ne2 Rab8 20. Qc3 f5
21. Nd4 Qd8 22. Ne6 Rf6 23. Nxd8 Rxd8 24. Qxc6 fxe4 25. Qxe4 e5 26. f4 Re6 27.
Qd5 Re8 28. f5 gxf5 29. Rxf5 Kg7 30. Raf1 R8e7 31. Qf3 {Black resigns} 1-0

[Event "Team 45 45 League T58"]
[Site "Internet Chess Club"]
[Date "2013.09.22"]
[Round "5"]
[White "JasonModer"]
[Black "RD1974"]
[Result "0-1"]
[WhiteElo "1489"]
[BlackElo "1647"]
[Opening "French: Winawer, advance variation"]
[ECO "C17"]
[Time "19:00:20"]
[TimeControl "2700+45"]

1. e4 e6 2. d4 d5 3. Nc3 Bb4 4. e5 c5 5. Nf3 Bd7 6. Bd2 Nc6 7. Nb5 cxd4 8. Bxb4
Nxb4 9. Nd6+ Kf8 10. Nxd4 Nc6 11. N4b5 Nxe5 12. Qe2 Bxb5 13. Qxe5 Bxf1 14. Rxf1
Qd7 15. O-O-O b5 16. Ne4 Rc8 17. f4 b4 18. f5 Qc7 19. Qxc7 Rxc7 20. Ng5 h6 21.
Nxe6+ fxe6 22. fxe6+ Ke8 23. Rxd5 Nf6 24. Rb5 Ke7 25. Re1 Rhc8 26. Re2 Rc4 27.
b3 R4c7 28. Rxb4 Nd5 29. Rg4 g5 30. c4 Nf4 31. Re3 Rc6 32. h4 Rxe6 33. Rxe6+
Kxe6 34. hxg5 Kf5 35. Rh4 Kxg5 36. Rh1 Ne2+ 37. Kd2 Ng3 38. Re1 Rd8+ 39. Kc3 Rd7
40. c5 Rc7 41. b4 Kf5 42. Kd4 Kf6 43. b5 Nf5+ 44. Kd5 Rd7+ 45. Kc6 Rd2 46. b6
Nd4+ 47. Kb7 axb6 48. cxb6 Rxa2 49. Kb8 Rb2 50. b7 h5 51. Rc1 Rxg2 52. Ka8 Ra2+
53. Kb8 Nb5 54. Rd1 Rg2 55. Kc8 Rg8+ 56. Rd8 Nd6+ 57. Kc7 Rxd8 {White forfeits
on time} 0-1

[Event "Team 45 45 League T58"]
[Site "Internet Chess Club"]
[Date "2013.09.19"]
[Round "5"]
[White "Mitochondria"]
[Black "moodle"]
[Result "1-0"]
[WhiteElo "1502"]
[BlackElo "1417"]
[Opening "QGD: Orthodox defense, Bd3 line"]
[ECO "D66"]
[Time "20:00:40"]
[TimeControl "2700+45"]

1. d4 d5 2. c4 e6 3. Nc3 Nf6 4. Bg5 Nbd7 5. Nf3 Be7 6. e3 c6 7. Rc1 O-O 8. Bd3
Re8 9. O-O h6 10. Bh4 a5 11. h3 Bd6 12. cxd5 exd5 13. Ne2 Be7 14. Nc3 Ne4 15.
Bxe7 Qxe7 16. Re1 Ndf6 17. Be2 Nxc3 18. bxc3 Bf5 19. c4 Rec8 20. Bd3 Bxd3 21.
Qxd3 Ne4 22. Rc2 dxc4 23. Qxc4 Nd6 24. Qc5 Qe6 25. Rb1 Nb5 26. Rbc1 Rd8 27. Qe5
Qxe5 28. Nxe5 f6 29. Nd3 g5 30. Kf1 f5 31. Ne5 f4 32. Rb2 fxe3 33. fxe3 Rf8+ 34.
Ke2 Rf5 35. a4 Raf8 36. Ng4 Kg7 37. axb5 h5 38. bxc6 hxg4 39. Rxb7+ Kg8 40. hxg4
Rf2+ 41. Kd3 R2f7 42. Rxf7 Kxf7 43. c7 Rc8 44. Rc5 a4 45. Kc3 {Black resigns}
1-0

[Event "Team 45 45 League T58"]
[Site "Internet Chess Club"]
[Date "2013.09.21"]
[Round "5"]
[White "nidusin2"]
[Black "jps7"]
[Result "1-0"]
[WhiteElo "1661"]
[BlackElo "1674"]
[Opening "French: Winawer, advance variation"]
[ECO "C16"]
[Time "20:00:10"]
[TimeControl "2700+45"]

1. e4 e6 2. d4 d5 3. Nc3 Bb4 4. e5 Ne7 5. f4 c5 6. a3 Bxc3+ 7. bxc3 Qc7 8. Be3
cxd4 9. Bxd4 Nbc6 10. Qd2 O-O 11. Nf3 Nf5 12. Bd3 g6 13. O-O Qa5 14. Qf2 Bd7 15.
g4 Nfxd4 16. cxd4 Qa4 17. c3 Na5 18. Qh4 Kg7 19. f5 exf5 20. gxf5 f6 21. exf6+
Rxf6 22. Ne5 Rh8 23. fxg6 hxg6 24. Qxf6+ Kh7 25. Qxg6# {Black checkmated} 1-0

[Event "Team 45 45 League T58"]
[Site "Internet Chess Club"]
[Date "2013.09.19"]
[Round "5"]
[White "misuc56"]
[Black "Ajolote"]
[Result "1-0"]
[WhiteElo "1867"]
[BlackElo "1574"]
[Opening "QGD Slav defense"]
[ECO "D10"]
[Time "18:00:35"]
[TimeControl "2700+45"]

1. d4 d5 2. c4 c6 3. e3 Nf6 4. Nc3 g6 5. h3 Bg7 6. Nf3 O-O 7. Bd2 Be6 8. c5 h6
9. Be2 Qc7 10. Rc1 a6 11. b4 Nbd7 12. a4 Rfb8 13. b5 axb5 14. axb5 Qd8 15. b6
Nh7 16. O-O Nhf6 17. Ra1 Rxa1 18. Qxa1 Qc8 19. Nh2 Nf8 20. Qd1 N8h7 21. f4 Ra8
22. Kh1 Bf5 23. Be1 Ne4 24. Nxe4 Bxe4 25. Bf3 Nf6 26. Ng4 Bxf3 27. Nxf6+ Bxf6
28. Qxf3 Qf5 29. g4 Qd3 30. g5 Bg7 31. gxh6 Bxh6 32. Rg1 Qe4 33. Qxe4 dxe4 34.
Bf2 e6 35. h4 Ra2 36. Rg2 Rd2 37. Kh2 Kg7 38. h5 Rd1 39. hxg6 fxg6 40. Bg1 Rd3
41. Ra2 Kf6 42. Ra7 Rd2+ 43. Kg3 g5 44. fxg5+ Bxg5 45. Rxb7 Rd3 46. Rc7 Bxe3 47.
Bxe3 Rxe3+ 48. Kf4 Rb3 49. Kxe4 Rb4 50. Kd3 e5 51. Rxc6+ Kf5 52. dxe5 Kxe5 53.
Rd6 Rb5 54. Kc4 Rb1 55. Rh6 Rb2 56. Rh7 Ke6 57. b7 Rb1 58. Rh6+ Kd7 59. c6+ Kc7
60. Rh8 Rb2 61. Rc8+ Kd6 62. b8=Q+ Rxb8 63. Rxb8 Kxc6 64. Re8 Kd7 65. Re3 Kd6
66. Kd4 Kc6 67. Rb3 Kd6 68. Rb6+ Kc7 69. Rh6 Kd7 70. Kd5 Kc7 71. Re6 Kd7 72. Re4
Kc7 73. Rb4 Kd7 74. Rb7+ Kc8 75. Rh7 {Black resigns} 1-0

[Event "Team 45 45 League T58"]
[Site "Internet Chess Club"]
[Date "2013.09.22"]
[Round "5"]
[White "monkeyshark"]
[Black "WOLFSPELZ"]
[Result "0-1"]
[WhiteElo "1531"]
[BlackElo "1386"]
[Opening "French: exchange variation"]
[ECO "C01"]
[Time "19:00:07"]
[TimeControl "2700+45"]

1. e4 e6 2. d4 d5 3. exd5 exd5 4. Nf3 Bd6 5. Nc3 Nf6 6. Bd3 c6 7. O-O O-O 8. Bg5
Bg4 9. h3 Bh5 10. Re1 Nbd7 11. Re3 Qc7 12. Qd2 h6 13. Bxf6 Nxf6 14. Rae1 Bf4 15.
Ne5 Bxe3 16. Rxe3 Rae8 17. Rg3 Kh8 18. Ne2 Bxe2 19. Qxe2 Ne4 20. Bxe4 dxe4 21.
Qg4 Rg8 22. Qf4 Rxe5 23. dxe5 Re8 24. Qxe4 Rxe5 25. Qf3 Re1+ 26. Kh2 Qe5 27. Qg4
f5 28. Qf3 Re4 29. Qc3 Rd4 30. Qe3 Qxe3 31. Rxe3 Rd2 32. Re7 Rxf2 33. Rxb7 Rxc2
34. Rxa7 Rxb2 35. Rf7 Rxa2 36. Rxf5 Ra7 37. Rf8+ Kh7 38. Rc8 Ra6 39. Kg3 Kg6 40.
Kf4 Kf6 41. g4 g5+ 42. Kg3 Ke5 43. Kf2 Kd5 44. Rd8+ Ke5 45. Kf3 c5 46. Rc8 Kd4
47. Rd8+ Kc3 48. Ke3 Re6+ 49. Kf3 c4 50. Kg3 Rc6 51. h4 Kc2 52. hxg5 hxg5 53.
Rf8 c3 54. Rf2+ Kb3 {White resigns} 0-1

[Event "Team 45 45 League T58"]
[Site "Internet Chess Club"]
[Date "2013.09.21"]
[Round "5"]
[White "lemanofzorn"]
[Black "Insan996"]
[Result "0-1"]
[WhiteElo "1610"]
[BlackElo "1572"]
[Opening "Queen's Indian: Capablanca variation"]
[ECO "E16"]
[Time "23:03:52"]
[TimeControl "2700+45"]

1. d4 Nf6 2. c4 e6 3. Nf3 b6 4. g3 Bb7 5. Bg2 Bb4+ 6. Nbd2 O-O 7. O-O c5 8. Nb3
cxd4 9. Nbxd4 d5 10. a3 Be7 11. cxd5 Qxd5 12. Bg5 Na6 13. e4 Qd8 14. Qa4 Nc5 15.
Qc2 Bxe4 16. Qc3 h6 17. Bxf6 Bxf6 18. Rfd1 Qe7 19. b4 Na6 20. Qc4 Qb7 21. Rac1
Rac8 22. Qf1 e5 23. b5 Nb8 24. Nc6 Nxc6 25. bxc6 Bxc6 26. Ne1 Bxg2 27. Nxg2 Rxc1
28. Rxc1 Rc8 29. Rxc8+ Qxc8 30. Ne3 a6 31. h4 b5 32. Qd1 Qc5 33. Qb3 a5 34. Nd5
Bd8 35. Qd3 Qc4 36. Qf3 a4 37. Nb4 Be7 38. Qa8+ Bf8 39. Nd5 Qc1+ 40. Kg2 Qxa3
41. Qe8 Qc5 42. Qxe5 a3 43. Qe4 a2 44. Nf4 a1=Q 45. Nd3 Qcd4 46. Qf5 Qb1 47. Qf3
Qbxd3 48. Qa8 Q4e4+ 49. Qxe4 Qxe4+ 50. f3 Qe2+ 51. Kh3 Bd6 52. h5 Qxf3 53. Kh2
Qxg3+ 54. Kh1 Qh2# {White checkmated} 0-1

[Event "Team 45 45 League T58"]
[Site "Internet Chess Club"]
[Date "2013.09.20"]
[Round "5"]
[White "BrerRabbit"]
[Black "Bible-Believer"]
[Result "1-0"]
[WhiteElo "1496"]
[BlackElo "1699"]
[Opening "Queen's pawn game"]
[ECO "A46"]
[Time "20:01:28"]
[TimeControl "2700+45"]

1. d4 Nf6 2. Nf3 c5 3. c3 b6 4. e3 Bb7 5. Bd3 g6 6. O-O Bg7 7. Nbd2 O-O 8. e4 d6
9. Re1 Nbd7 10. Nf1 Qc7 11. Bg5 c4 12. Bc2 Rfc8 13. N1d2 b5 14. a3 a5 15. e5
dxe5 16. Nxe5 Nxe5 17. dxe5 Nd5 18. Nf3 Rd8 19. Qc1 Ra6 20. Be4 Re6 21. Bxd5
Rxd5 22. Bf4 Rc5 23. Nd4 Bxe5 24. Nxe6 Qc6 25. f3 Qxe6 26. Rxe5 Rxe5 27. Bxe5
Qxe5 28. Qe1 Qg5 29. Qe2 Qc5+ 30. Kh1 Bc8 31. Re1 Kf8 32. Qe3 Qc7 33. Qd4 Kg8
34. Rd1 Bf5 35. Qd8+ Qxd8 36. Rxd8+ Kg7 37. Rb8 Bd7 38. Rb7 Bc6 39. Rxe7 Kf6 40.
Rc7 Bd5 41. Rc8 Ke6 42. Re8+ Kd6 43. Re3 Kc5 44. Kg1 b4 45. axb4+ axb4 46. cxb4+
Kxb4 47. Kf2 Be6 48. g4 Bd5 49. Kg3 Be6 50. Kf4 h6 51. Ke5 Kc5 52. Kf6 Kd4 53.
Rc3 Kd5 54. h3 Kd4 55. Kg7 h5 56. gxh5 gxh5 57. h4 Ke5 58. Kh6 Kf5 59. Kxh5 Kf6
60. Re3 Bf5 61. Rc3 Be6 62. Re3 Bf5 63. f4 Bg6+ 64. Kg4 Bf5+ 65. Kg3 Bd3 66.
Rxd3 {Black resigns} 1-0

[Event "Team 45 45 League T58"]
[Site "Internet Chess Club"]
[Date "2013.09.23"]
[Round "5"]
[White "RudiV"]
[Black "rookmaster23"]
[Result "0-1"]
[WhiteElo "1445"]
[BlackElo "1654"]
[Opening "King's Indian: London system"]
[ECO "A45"]
[Time "20:00:28"]
[TimeControl "2700+45"]

1. d4 Nf6 2. Bf4 g6 3. Nf3 Bg7 4. e3 d6 5. Be2 O-O 6. O-O Nh5 7. Bg5 h6 8. Bh4
g5 9. Nfd2 gxh4 10. Bxh5 c5 11. c3 Bf5 12. Nf3 Nc6 13. Nxh4 Bd7 14. Qb3 Qc8 15.
Ng6 Be6 16. d5 fxg6 17. Bxg6 Ne5 18. Be4 Bf5 19. Nd2 Bxe4 20. Nxe4 Qg4 21. Nd2
Qh4 22. Qd1 Ng4 23. Nf3 Rxf3 24. h3 Ne5 25. Qe2 Raf8 26. Rad1 Rxh3 27. gxh3 Qxh3
28. f4 Qg3+ 29. Qg2 Qxe3+ 30. Kh1 Rxf4 31. Rxf4 Qxf4 32. Rg1 Qh4+ 33. Qh2 Qxh2+
34. Kxh2 Nf3+ {White resigns} 0-1

[Event "Team 45 45 League T58"]
[Site "Internet Chess Club"]
[Date "2013.09.22"]
[Round "5"]
[White "sdcohle"]
[Black "tightfist"]
[Result "0-1"]
[WhiteElo "1471"]
[BlackElo "1583"]
[Opening "Bogo-Indian defense"]
[ECO "E11"]
[Time "22:18:06"]
[TimeControl "2700+45"]

1. d4 Nf6 2. c4 e6 3. Nf3 Bb4+ 4. Bd2 Bxd2+ 5. Nbxd2 d5 6. e3 O-O 7. Bd3 b6 8.
O-O Ba6 9. Qc2 Nbd7 10. b3 Rc8 11. b4 Bb7 12. b5 g6 13. a4 dxc4 14. Bxc4 c5 15.
dxc5 Nxc5 16. Rad1 Qc7 17. Qa2 Nfe4 18. Rc1 Qb8 19. Rc2 Rfd8 20. Nd4 Nxd2 21.
Rxd2 Qa8 22. f3 Bd5 23. Bxd5 Qxd5 24. Qa3 Kg7 25. Rfd1 Qg5 26. f4 Qf6 27. Nc6
Rxd2 28. Rxd2 Rc7 29. Rc2 Rd7 30. Rc1 Rd3 31. Qb4 Rxe3 32. Nxa7 Nd3 33. Qd2 Qxf4
34. Rf1 Qd4 35. Nc6 Qe4 36. Qc3+ Kh6 37. Nd4 Re1 38. Qd2+ Kg7 39. Rxe1 Nxe1 40.
Qf2 Nd3 41. Qd2 Qxd4+ 42. Kf1 Qc4 43. Ke2 Nf4+ 44. Kd1 Qxa4+ 45. Ke1 Qa1+ 46.
Kf2 Nd5 47. g3 Qh1 48. Qd4+ f6 49. h4 Qh2+ 50. Kf3 Qh1+ 51. Kf2 Qb1 52. Kf3 Qxb5
53. Qe4 Qb3+ 54. Kg2 Qb2+ 55. Kh3 Qe5 56. Qa4 Qf5+ 57. Kh2 Qf2+ 58. Kh3 Qf1+ 59.
Kh2 h5 60. Qd7+ Kh6 61. Qxe6 Qf2+ 62. Kh3 Qf5+ 63. Qxf5 gxf5 {White resigns} 0-1

[Event "Team 45 45 League T58"]
[Site "Internet Chess Club"]
[Date "2013.09.18"]
[Round "5"]
[White "GideonL"]
[Black "smsxman"]
[Result "0-1"]
[WhiteElo "1470"]
[BlackElo "1409"]
[Opening "Philidor's defense"]
[ECO "C41"]
[Time "16:00:13"]
[TimeControl "2700+45"]

1. e4 e5 2. Nf3 d6 3. Nc3 Nf6 4. Bc4 Be7 5. d3 O-O 6. Bg5 a6 7. O-O b5 8. Bd5
Nxd5 9. Nxd5 Bxg5 10. Nxg5 Qxg5 11. Nxc7 Ra7 12. Nd5 Be6 13. Ne3 Qe7 14. f4 exf4
15. Rxf4 Nd7 16. Qe2 Nf6 17. a3 Raa8 18. Raf1 d5 19. R1f3 dxe4 20. dxe4 Bc4 21.
Nxc4 bxc4 22. Qxc4 Rfc8 23. Qe2 Qc5+ 24. Rf2 Qb5 25. Qd2 Rd8 26. Qc1 Rac8 27.
Rf5 Qd7 28. Rf1 Qd4+ 29. Kh1 Qxe4 30. R5f2 Rf8 31. Re1 Qd4 32. Ref1 Qd6 33. Qg5
Ne4 34. Qe3 Nxf2+ 35. Rxf2 {White resigns} 0-1

[Event "Team 45 45 League T58"]
[Site "Internet Chess Club"]
[Date "2013.09.20"]
[Round "5"]
[White "fuzzface"]
[Black "jjaillet2007"]
[Result "1-0"]
[WhiteElo "1371"]
[BlackElo "1365"]
[Opening "French: advance, Paulsen attack"]
[ECO "C00"]
[Time "08:30:08"]
[TimeControl "2700+45"]

1. e4 e6 2. Nf3 d5 3. e5 c5 4. c3 Nc6 5. d4 cxd4 6. cxd4 Bb4+ 7. Nc3 Nge7 8. Bb5
a6 9. Bxc6+ Nxc6 10. O-O Bxc3 11. bxc3 O-O 12. Rb1 b5 13. Bg5 Qc7 14. Bf4 f6 15.
Re1 fxe5 16. Nxe5 Rxf4 17. Qd2 Nxe5 18. Qxf4 Nd3 19. Qxc7 Nxe1 20. Rxe1 e5 21.
Rxe5 Bg4 22. f3 Rc8 23. Qe7 Bxf3 24. gxf3 Rf8 25. Qe6+ Kh8 26. Rf5 Rg8 27. Qxd5
b4 28. cxb4 a5 29. bxa5 h6 30. Qxg8+ Kxg8 31. a6 g6 32. Rf4 g5 33. Rf5 Kg7 34.
a7 Kg6 35. Re5 Kf6 36. a8=Q {Black resigns} 1-0

[Event "Team 45 45 League T58"]
[Site "Internet Chess Club"]
[Date "2013.09.23"]
[Round "5"]
[White "pmxpp"]
[Black "oldsj"]
[Result "0-1"]
[WhiteElo "1434"]
[BlackElo "1574"]
[Opening "King's Indian: orthodox, Aronin-Taimanov, bayonet attack"]
[ECO "E97"]
[Time "14:01:06"]
[TimeControl "2700+45"]

1. d4 Nf6 2. c4 g6 3. Nc3 Bg7 4. e4 d6 5. Be2 O-O 6. Nf3 e5 7. O-O Nc6 8. d5 Ne7
9. b4 Ne8 10. Re1 f5 11. Ng5 h6 12. Ne6 Bxe6 13. dxe6 Nf6 14. Bf3 f4 15. Rb1 g5
16. h3 c6 17. Bb2 Ng6 18. g3 fxg3 19. fxg3 Qe7 20. Bg4 Nxg4 21. Qxg4 Rf6 22. Rf1
Qxe6 23. Qxe6+ Rxe6 24. Rf5 Rf8 25. Rbf1 Ref6 26. Rxf6 Rxf6 27. Rxf6 Bxf6 28. a4
h5 29. b5 Kf7 30. Kf2 Nf8 31. Ba3 Be7 32. Ke3 Ne6 33. Bb2 Nd4 34. Ne2 Nxe2 35.
Kxe2 Ke6 36. Kd3 d5 37. bxc6 bxc6 38. cxd5+ cxd5 39. Bc3 g4 40. hxg4 hxg4 41.
Bb2 Bc5 42. Ke2 dxe4 43. Bc1 Kd5 44. Be3 Bxe3 45. Kxe3 a5 46. Kd2 Kd4 47. Ke2 e3
48. Ke1 Kd3 49. Kd1 e4 50. Ke1 e2 51. Kf2 Kd2 {White resigns} 0-1

[Event "Team 45 45 League T58"]
[Site "Internet Chess Club"]
[Date "2013.09.21"]
[Round "5"]
[White "Tjet"]
[Black "Berke"]
[Result "1-0"]
[WhiteElo "1540"]
[BlackElo "1491"]
[Opening "English: Anglo-Dutch defense"]
[ECO "A10"]
[Time "14:01:16"]
[TimeControl "2700+45"]

1. c4 f5 2. g3 e6 3. Bg2 Nf6 4. Nc3 Be7 5. d3 d6 6. Nf3 O-O 7. O-O Qe8 8. e3 Kh8
9. d4 a5 10. b3 Qh5 11. Re1 Ne4 12. Nxe4 fxe4 13. Nd2 Qxd1 14. Rxd1 d5 15. f4
Nd7 16. Bh3 Nf6 17. cxd5 exd5 18. Bxc8 Raxc8 19. a4 Ng4 20. Ba3 Bxa3 21. Rxa3
Nxe3 22. Rc1 c6 23. b4 axb4 24. Rxe3 b3 25. Nxb3 Rxf4 26. gxf4 c5 27. Rxc5 Rxc5
28. Nxc5 b6 29. Nd7 b5 30. axb5 Kg8 31. b6 Kh8 32. b7 Kg8 33. Ne5 Kh8 34. b8=Q#
{Black checkmated} 1-0

[Event "Team 45 45 League T58"]
[Site "Internet Chess Club"]
[Date "2013.09.22"]
[Round "5"]
[White "tamky70"]
[Black "Fogbound"]
[Result "1-0"]
[WhiteElo "1405"]
[BlackElo "1262"]
[Opening "Bird's opening"]
[ECO "A03"]
[Time "14:00:51"]
[TimeControl "2700+45"]

1. f4 d5 2. Nf3 Bg4 3. d3 e6 4. Nbd2 Bd6 5. e3 f5 6. Be2 Qe7 7. O-O Nd7 8. Ne1
Ngf6 9. Ndf3 O-O-O 10. Nd4 Bc5 11. Nef3 h6 12. h3 h5 13. Ng5 Nf8 14. c3 Rd6 15.
b4 Bb6 16. Bf3 Bxd4 17. cxd4 Ng6 18. Bd2 Nh4 19. b5 Rb6 20. a4 Qd7 21. Be1 Ng6
22. Ba5 Rd6 23. Rc1 b6 24. Bb4 Ne8 25. Rc2 Nh4 26. Bxd6 Nxd6 27. Qc1 Bxf3 28.
gxf3 Kb8 29. Rc6 Rc8 30. Kh2 Ng6 31. Rg1 Ne7 32. Rc2 Ng6 33. Rgg2 Nh4 34. Rgf2
Nf7 35. Kg3 Ng6 36. Qg1 h4+ 37. Kh2 Nd8 38. Nh7 Nxf4 39. exf4 Qd6 40. Qg5 Nf7
41. Qxh4 Rh8 42. Kg2 Qd8 43. Qxd8+ Nxd8 44. Ng5 Rh6 45. Rc1 Rg6 46. Rfc2 e5 47.
dxe5 Ne6 48. h4 Nxf4+ 49. Kg3 Nh5+ 50. Kf2 Nf4 51. Ke3 Ne6 52. Rc6 d4+ 53. Kf2
Nc5 54. Rxg6 Nxd3+ 55. Ke2 Nxc1+ 56. Kd2 Nb3+ 57. Kd1 Nc5 58. Rxg7 Nxa4 59. e6
Nc3+ 60. Kd2 Nxb5 61. e7 Nd6 62. Rg8+ Kb7 63. e8=Q Nxe8 64. Rxe8 a5 65. Re1 b5
66. Ne6 Kc6 67. Nxd4+ Kc5 68. Nb3+ Kb4 69. Nxa5 Kxa5 70. h5 b4 71. h6 Ka4 72. h7
b3 73. h8=Q Ka3 74. Qa1+ Kb4 75. Qb2 c5 76. Qc3+ {Black resigns} 1-0

[Event "Team 45 45 League T58"]
[Site "Internet Chess Club"]
[Date "2013.09.21"]
[Round "5"]
[White "wekabird"]
[Black "QuimCatala"]
[Result "0-1"]
[WhiteElo "1161"]
[BlackElo "1431"]
[Opening "English opening"]
[ECO "A13"]
[Time "17:00:06"]
[TimeControl "2700+45"]

1. c4 e6 2. Nc3 d5 3. cxd5 exd5 4. d4 Nc6 5. a3 Nf6 6. Bg5 Be6 7. h3 Bd6 8. Nf3
O-O 9. g3 h6 10. Bxf6 Qxf6 11. Bg2 Ne7 12. O-O c6 13. Re1 Nf5 14. e4 dxe4 15.
Nxe4 Qg6 16. Nxd6 Nxd6 17. Rc1 Bd5 18. Ne5 Qf5 19. Bxd5 cxd5 20. Rc7 Ne4 21. Qf3
Qxh3 22. Qg4 Qxg4 23. Nxg4 Ng5 24. Kg2 h5 25. Ne5 f6 26. Nd7 Rf7 27. Nxf6+ Rxf6
28. Ree7 Nf7 29. Rxb7 a5 30. Ra7 Rxa7 31. Rxa7 Rb6 32. Rxa5 Rxb2 33. Rxd5 g6 34.
Ra5 Rd2 35. d5 Rd3 36. a4 Rd4 37. Ra8+ Kg7 38. Kf3 Rxd5 39. a5 Rd3+ 40. Ke4 Ra3
41. Kd5 Rd3+ 42. Kc6 Ne5+ 43. Kb7 Rc3 44. a6 Nd7 45. a7 Rb3+ 46. Kc8 Nb6+ 47.
Kb7 Nxa8+ 48. Kxa8 Kf6 49. f4 Ra3 50. Kb7 Rxa7+ 51. Kxa7 Kf5 52. Kb6 g5 53. fxg5
Kxg5 54. Kc5 Kg4 55. Kd4 Kxg3 56. Ke3 h4 57. Ke2 Kg2 58. Ke1 h3 {White resigns}
0-1

[Event "Team 45 45 League T58"]
[Site "Internet Chess Club"]
[Date "2013.09.21"]
[Round "5"]
[White "Littlemon"]
[Black "arnx813"]
[Result "0-1"]
[WhiteElo "1427"]
[BlackElo "1405"]
[Opening "QGD: Harrwitz attack"]
[ECO "D35"]
[Time "17:02:47"]
[TimeControl "2700+45"]

1. d4 d5 2. c4 Nf6 3. Nc3 e6 4. Bf4 Bb4 5. e3 O-O 6. a3 Bxc3+ 7. bxc3 c5 8. Nf3
Qa5 9. Qc2 Nbd7 10. Bd3 dxc4 11. Bxc4 b5 12. Bd3 Bb7 13. Be2 cxd4 14. exd4 Ne4
15. Bd2 Rfc8 16. Rc1 Nxd2 17. Qxd2 Nf6 18. Qb2 Ne4 19. Qb4 Qxb4 20. axb4 a5 21.
Bxb5 axb4 22. c4 Nc3 23. Kd2 Ra2+ 24. Ke1 Bxf3 25. gxf3 Nxb5 26. c5 b3 27. Kf1
b2 28. Rb1 Nc3 29. Kg2 Nxb1 30. Rxb1 Rb8 31. c6 Rc8 32. d5 exd5 33. Re1 d4 34.
Re7 b1=Q 35. c7 Qg6+ 36. Kh3 Rxf2 37. Rd7 Rxf3+ 38. Kh4 Rf4+ 39. Kh3 Qg4# {White
checkmated} 0-1